 Dungeon Crawl Stone Soup version 0.17-a0-2007-g96ac4c4 (webtiles) character file.

1099 Ordine the Skirmisher (level 8, -8/60 HPs)
             Began as an Octopode Fighter on Oct 9, 2015.
             Was an Initiate of Dithmenos.
             Mangled by finrod's ghost (17 damage)
             ... on level 7 of the Dungeon.
             The game lasted 00:16:49 (6459 turns).

Ordine the Skirmisher (Octopode Fighter)            Turns: 6459, Time: 00:16:49

Health: -8/60      AC:  1    Str: 15    XL:     8   Next: 32%
Magic:  8/8        EV: 16    Int: 10    God:    Dithmenos [......]
Gold:   323        SH: 10    Dex: 19    Spells: 0 memorised, 7 levels left

rFire  . . .     SeeInvis .     B - -3 falchion (curse)
rCold  . . .     Clarity  .     b - +1 shield
rNeg   . . .     SustAt   +     (helmet restricted)
rPois  .         Gourm    .     h - amulet of inaccuracy (curse)
rElec  .         Spirit   .     p - ring of sustain attributes
rCorr  .         Warding  .     (no ring)
rMut   .         Stasis   .     (no ring)
MR     .....                    (no ring)
Stlth  ++++......               (no ring)
                                (no ring)
                                (no ring)
                                (no ring)

@: agile, about to teleport, not resistant to hostile enchantments, stealthy
A: almost no armour, amphibious, 8 rings, constrict 8, camouflage 1, gelatinous
body 1
a: Renounce Religion


You were on level 7 of the Dungeon.
You worshipped Dithmenos.
Dithmenos was noncommittal.
You were not hungry.

You visited 1 branch of the dungeon, and saw 7 of its levels.

You collected 323 gold pieces.

Inventory:

Hand Weapons
 a - a +1 long sword
 y - the +8 quarterstaff "Nonimal" {speed, rN+}
   (You found it on level 6 of the Dungeon)

   Attacks with this weapon are significantly faster.
   It protects you from negative energy.
 B - a cursed -3 falchion (weapon)
Missiles
 e - a throwing net (quivered)
 k - 6 needles of confusion
 n - a javelin
 q - 2 tomahawks
 r - 33 poisoned needles
Armour
 b - a +1 shield (worn)
Jewellery
 h - a cursed amulet of inaccuracy (around mantle)
 p - a ring of sustain attributes (left tentacle)
 A - an uncursed amulet of regeneration
Wands
 l - a wand of polymorph (16)
 v - a wand of frost (42)
Scrolls
 c - 2 scrolls of teleportation
Potions
 i - a potion of agility
 j - a potion of magic
 o - 2 potions of resistance
 s - 3 potions of curing
 t - 2 potions of haste
 u - a potion of poison {unknown}
 w - a potion of degeneration {unknown}
 z - a potion of heal wounds
Comestibles
 d - 4 bread rations
 f - a slice of pizza
 g - a beef jerky
 m - 4 meat rations
 x - 3 fruits
 C - 3 chunks of flesh


   Skills:
 + Level 7.2 Fighting
 + Level 7.2 Long Blades
 - Level 3.0 Dodging
 - Level 3.0 Shields


You had 7 spell levels left.
You didn't know any spells.

Dungeon Overview and Level Annotations

Branches:
Dungeon (7/15)
 Temple: D:4-7

Altars:
Dithmenos
Elyvilon
Gozag
Makhleb
Okawaru
Ru
Vehumet

Annotations:
D:7 finrod's ghost, novice DsBe


Innate Abilities, Weirdness & Mutations

You cannot wear most types of armour.
You are amphibious.
You can wear up to eight rings at the same time.
You can use your tentacles to constrict eight enemies at once.
Your skin changes colour to match your surroundings (Stealth).
Your rubbery body absorbs attacks (AC +1).


Message History

Finrod's ghost shrieks, "I have seen your future, and it is all used up."
Finrod's ghost laughs, "And you think you're capable of finding the ORB?
I had it, you know.
Then I gave it away so I could steal it AGAIN."
Found 14 arrows of flame.
You barely miss finrod's ghost. Your squeeze misses finrod's ghost.
You block finrod's ghost's attack.
You miss finrod's ghost. The centaur misses you. Finrod's ghost hits you!
The centaur hits you.
You hear a shout!
You barely miss finrod's ghost. You block the centaur's attack.
Finrod's ghost hits you!
You closely miss the centaur. You block the centaur's attack.
Finrod's ghost hits you!
* * * LOW HITPOINT WARNING * * *
The centaur hits you!
* * * LOW HITPOINT WARNING * * *
Read which item? (? for menu, Esc to quit)
As you read the scroll of teleportation, it crumbles to dust.
You feel strangely unstable. The centaur completely misses you.
Finrod's ghost hits you!
You die...

###### (....
.... #..# #..#
#..# #.@# #cW#
##.#
...>..........O
#########.#....
... +# ..# ..#
.#


You could see a centaur and finrod's ghost.

Vanquished Creatures
  A water moccasin (D:5)
  The ghost of chimenez the Ruffian, an amateur TrFi (D:3)
  A necrophage (D:6)
  A centaur (D:6)
  2 phantoms
  A crimson imp (D:5)
  3 hounds
  A giant frog zombie (D:6)
  An orc wizard (D:3)
  Crazy Yiuf (D:3)
  2 giant frog skeletons (D:6)
  A centaur skeleton (D:4)
  Natasha (thrice) (D:3)
  A worker ant (D:4)
  A hound skeleton (D:4)
  4 gnolls (D:3)
  4 adders
  An ooze (D:1)
  3 worms (D:3)
  6 giant geckos
  11 orcs
  15 bats
  3 giant cockroaches
  5 goblins
  6 hobgoblins
  11 jackals
  9 kobolds
  2 quokkas
  3 giant newts
  A quokka skeleton (D:5)
  6 rats
111 creatures vanquished.

Notes
Turn   | Place    | Note
--------------------------------------------------------------
     0 | D:1      | Ordine the Octopode Fighter began the quest for the Orb.
     0 | D:1      | Reached XP level 1. HP: 16/16 MP: 1/1
   121 | D:1      | Reached XP level 2. HP: 11/21 MP: 2/2
   533 | D:1      | Reached XP level 3. HP: 12/26 MP: 3/3
  1504 | D:2      | Found an iron altar of Okawaru.
  1676 | D:2      | Reached XP level 4. HP: 30/33 MP: 4/4
  1865 | D:3      | Noticed Natasha
  1871 | D:3      | Killed Natasha
  1871 | D:3      | Reached skill level 4 in Fighting
  2042 | D:3      | HP: 1/33 [adder (2)]
  2247 | D:3      | Noticed chimenez's ghost (amateur TrFi)
  2251 | D:3      | Noticed Natasha
  2251 | D:3      | Killed Natasha
  2251 | D:3      | Reached XP level 5. HP: 33/37 MP: 5/5
  2257 | D:3      | Killed chimenez's ghost
  2586 | D:3      | Noticed Crazy Yiuf
  2592 | D:3      | Killed Crazy Yiuf
  2592 | D:3      | Reached skill level 5 in Fighting
  2592 | D:3      | Reached XP level 6. HP: 9/45 MP: 6/6
  3584 | D:3      | Noticed Natasha
  3588 | D:3      | Killed Natasha
  3729 | D:3      | Reached skill level 5 in Long Blades
  4219 | D:4      | Found a radiant altar of Vehumet.
  4385 | D:4      | Found a shadowy altar of Dithmenos.
  4393 | D:4      | Became a worshipper of Dithmenos the Shadowed
  4468 | D:4      | Found an opulent altar of Gozag.
  4648 | D:4      | Reached XP level 7. HP: 33/51 MP: 7/7
  4778 | D:5      | Entered Level 5 of the Dungeon
  4801 | D:5      | Reached skill level 6 in Fighting
  4953 | D:5      | Found a burning altar of Makhleb.
  5160 | D:5      | Found a sacrificial altar of Ru.
  5728 | D:6      | Got an ancient quarterstaff
  5734 | D:6      | Identified the +8 quarterstaff "Nonimal" {speed, rN+} (You found it on level 6 of the Dungeon)
  5833 | D:6      | Reached XP level 8. HP: 51/58 MP: 8/8
  5878 | D:6      | Found a white marble altar of Elyvilon.
  5992 | D:6      | Reached skill level 7 in Fighting
  6450 | D:7      | Noticed finrod's ghost (novice DsBe)
  6459 | D:7      | Mangled by finrod's ghost

Vault maps used:
D:1:      dpeg_arrival_tiny_a, hangedman_abyss_or_decor_stabs
D:2:      okawaru_gym_becter
D:3:      minmay_liquid_box, minmay_misc_feat_roman, uniq_crazy_yiuf_cottage,
          uniq_natasha
D:4:      corexii_shack_village, nicolae_gozag_seed_capital,
          grunt_dithmenos_smoke, vehumet_altar_wand_db
D:5:      hangedman_ru_absence, makhleb_blood_cavern_becter, first_bread
D:6:      basic_altar
D:7:      minmay_temple_entry_butterflies

Action                   |  1- 3 |  4- 6 |  7- 9 || total
-------------------------+-------+-------+-------++-------
Melee: Long sword        |    73 |   106 |    47 ||   226
       Falchion          |       |       |    61 ||    61
Throw: Javelin           |       |       |     3 ||     3
       Throwing net      |       |       |     1 ||     1
Evoke: Wand              |     4 |     5 |       ||     9
  Use: Scroll            |       |     9 |     5 ||    14
       Potion            |       |     3 |     3 ||     6
 Stab: Sleeping          |     5 |     6 |     6 ||    17
       Distracted        |     1 |       |       ||     1
  Eat: Chunk             |     2 |     8 |     5 ||    15
       Beef jerky        |       |     1 |     1 ||     2
